 Dungeon Crawl Stone Soup version 0.32-a0-520-g344ed53f66 (webtiles) character file.

Game seed: 13755459582921144784

184 Dittersdorf the Shield-Bearer (level 5, -4/34 HPs)
             Began as a Gargoyle Fighter on Feb 27, 2024.
             Slain by a gnoll
             ... wielding a +0 flail
              (8 damage)
             ... on level 3 of the Dungeon.
             The game lasted 00:02:14 (1727 turns).

Dittersdorf the Shield-Bearer (Gargoyle Fighter)    Turns: 1727, Time: 00:02:15

Health: -4/34      AC: 11    Str: 22    XL:     5   Next: 64%
Magic:  5/5        EV:  9    Int:  8    God:
Gold:   141        SH:  4    Dex:  9    Spells: 4/4 levels left

rFire   . . .        a - +0 flail
rCold   . . .        c - +0 buckler
rNeg    + . .        b - +0 scale mail
rPois   ∞            (no helmet)
rElec   +            (no cloak)
rCorr   .            (no gloves)
SInv    .            (no boots)
Will    .....        e - amulet of regeneration Stlth
                     (no ring)
HPRegen 1.05/turn    (no ring)
MPRegen 0.09/turn

%: no passive effects
@: no status effects
A: sickness immunity, AC +4, negative energy resistance 1, electricity
resistance, torment resistance 1, petrification resistance
a: no special abilities


You were on level 3 of the Dungeon.
You visited 1 branch of the dungeon, and saw 4 of its levels.

You collected 141 gold pieces.

Inventory:

Hand Weapons
 a - a +0 flail (weapon)
Armour
 b - a +0 scale mail (worn)
 c - a +0 buckler (worn)
Jewellery
 e - an amulet of regeneration (around neck)
 o - an amulet of magic regeneration
Scrolls
 g - a scroll of teleportation
 h - 2 scrolls of blinking {unknown}
 p - a scroll of acquirement {unknown}
 q - a scroll of vulnerability {unknown}
 s - a scroll of revelation {unknown}
Potions
 d - a potion of might
 j - a potion of lignification {unknown}
 k - 3 potions of curing {unknown}
 l - a potion of cancellation
 m - a potion of heal wounds
 n - a potion of mutation
 r - a potion of brilliance


   Skills:
 + Level 4.3 Fighting
 + Level 3.3 Maces & Flails
 + Level 4.3 Armour
 + Level 4.4 Shields


You had 4 spell levels left.
You didn't know any spells.
Your spell library was empty.

Dungeon Overview and Level Annotations

Branches:
Dungeon (4/15)
 Temple: D:4-7

Altars:
Xom


Innate Abilities, Weirdness & Mutations

You are immune to sickness and miasma.
Your stone body is resilient. (AC +4)
You are immune to poison.
You resist negative energy. (rN+)
You are resistant to electric shocks. (rElec)
You are resistant to unholy torment.
You are immune to petrification.


Message History

The gnoll is almost dead.
The gnoll barely misses you. The gnoll hits you but does no damage.
The gnoll barely misses you. The gnoll hits you with a +0 flail!
You are too injured to fight recklessly!
You are too injured to fight recklessly!
You are too injured to fight recklessly!
You are too injured to fight recklessly!
You are too injured to fight recklessly!
You are too injured to fight recklessly!
You are too injured to fight recklessly!
You are too injured to fight recklessly!
You are too injured to fight recklessly!
You are too injured to fight recklessly!
You are too injured to fight recklessly!
You are too injured to fight recklessly!
You are too injured to fight recklessly!
You are too injured to fight recklessly!
You are too injured to fight recklessly!
You are too injured to fight recklessly!
You are too injured to fight recklessly!
The gnoll hits you from afar with a +0 spear!
* * * LOW HITPOINT WARNING * * *
You block the gnoll's attack. The gnoll closely misses you.
The gnoll hits you with a +0 flail.
* * * LOW HITPOINT WARNING * * *
You climb upwards.
There is a stone staircase leading down here.
You barely miss the gnoll.
The gnoll is almost dead.
The gnoll hits you with a +0 whip.
* * * LOW HITPOINT WARNING * * *
The gnoll hits you with a +0 flail.
* * * LOW HITPOINT WARNING * * *
You block the gnoll's attack. The gnoll closely misses you.
You hit the gnoll.
You kill the gnoll!
The gnoll hits you with a +0 flail.
* * * LOW HITPOINT WARNING * * *
You barely miss the gnoll. The gnoll hits you with a +0 flail!
You die...

...##.###.###.###.## #....#
.###..# #####.....#######....#
>###.#######....#......##....#
..........##<...######....####
#######.........# #.......#
#.........### ###.##....# ##
#.#.#.#...#####...##....#
.####.#.#..._..g....####....#
<.....#.###...#)@#..........#
....###.###.#....b.#####....#
###.###.##.......### #..<.#
##............#.### #..).#
#.................#####....#
#....#####....#........#####
##..### #.#.##........# ...##
#.#.##........# .###
#.#.##.....^..#


You could see a gnoll.

Vanquished Creatures
  An ogre (D:3)
  A gnoll (D:3)
  4 adders
  2 dart slugs (D:1)
  A ribbon worm (D:3)
  An orc (D:3)
  3 bats (D:2)
  6 endoplasms
  4 giant cockroaches
  3 goblins
  5 hobgoblins
  2 quokkas
  5 ball pythons
  5 frilled lizards
  4 kobolds
  4 rats
51 creatures vanquished.

Notes
Turn   | Place    | Note
-------+----------+-------------------------------------------
     0 | D:1      | Dittersdorf the Gargoyle Fighter began the quest for the
                  | Orb.
     0 | D:1      | Reached XP level 1. HP: 14/14 MP: 1/1
   195 | D:1      | Reached XP level 2. HP: 19/19 MP: 2/2
   454 | D:2      | Found a faded altar of an unknown god.
   486 | D:2      | Reached XP level 3. HP: 23/23 MP: 3/3
   927 | D:3      | Reached XP level 4. HP: 29/29 MP: 4/4
   962 | D:3      | Found a shimmering altar of Xom.
  1640 | D:4      | Noticed an ogre
  1690 | D:3      | Killed an ogre
  1691 | D:3      | Reached XP level 5. HP: 8/33 MP: 5/5
  1727 | D:3      | Slain by a gnoll

Illustrated notes

Levels and vault maps discovered:
D:1:      dpeg_arrival_windows_large_door, layout_rooms,
          wander_ebering_terrifying_dragon_lair
D:2:      layout_rooms, hellmonk_ecumenical_altar_run_dry
D:3:      layout_rooms, xom_butterflies, nicolae_concentric_dashed_squares_mild
D:4:      layout_gridville, mainiacjoe_overflow_chevrons,
          minmay_temple_entry_slanted, chequers_big_river, uniq_ijyb

Skill      XL: |  1  2  3  4 |
---------------+-------------+-----
Shields        | 4 |  4.4
Fighting       | 4 |  4.3
Armour         | 4 |  4.3
Maces & Flails | 3 |  3.3

Action                     |  1- 3 |  4- 6 || total
---------------------------+-------+-------++-------
  Melee: Flail             |   115 |    72 ||   187
    Use: Scroll            |       |     6 ||     6
         Potion            |       |     1 ||     1
 Armour: Scale mail        |   111 |    91 ||   202
  Dodge: Dodged            |    69 |    39 ||   108
  Block: Buckler           |    29 |    19 ||    48

Table legend: (Time is in decaauts)
 A = Elapsed time spent in this place.
 B = Non-inter-level travel time spent in this place.
 C = Inter-level travel time spent in this place.
 D = Time resting spent in this place.
 E = Time spent auto-exploring this place.
 F = Levels seen in this place.
 G = Mean time per level.
                   A        B        C        D        E       F      G
               +--------+--------+--------+--------+--------+-----+--------+
         Total |   1786 |   1708 |     78 |    137 |   1083 |   4 |  446.5 |
       Dungeon |   1786 |   1708 |     78 |    137 |   1083 |   4 |  446.5 |
               +--------+--------+--------+--------+--------+-----+--------+

Top non-repeatable levels by time:
     D:3: 643 daAuts
     D:2: 499 daAuts
     D:1: 469 daAuts
     D:4: 174 daAuts
